 Dungeon Crawl Stone Soup version 0.26-a0-651-gb41185065b (webtiles) character file.

Game seed: 6771202386508080705

29 Lugonue the Insei (level 3, 0/23 HPs)
             Began as an Octopode Transmuter on Oct 29, 2020.
             Slain by a gnoll
             ... wielding a +0 whip
              (5 damage)
             ... on level 2 of the Dungeon.
             The game lasted 00:01:00 (1298 turns).

Lugonue the Insei (Octopode Transmuter)             Turns: 1298, Time: 00:01:00

Health: 0/23       AC:  1    Str:  9    XL:     3   Next: 16%
Magic:  6/6        EV: 13    Int: 16    God:
Gold:   72         SH:  0    Dex: 12    Spells: 5/6 levels left

rFire    . . .     SeeInvis .     - Unarmed
rCold    . . .     Faith    .   (no shield)
rNeg     . . .     Spirit   .   (helmet restricted)
rPois    .         Reflect  .   (no amulet)
rElec    .         Harm     .   (no ring)
rCorr    .         Rampage  .   (no ring)
MR       .....                  (no ring)
Stlth    +++.......             (no ring)
HPRegen  0.07/turn              (no ring)
MPRegen  0.10/turn              (no ring)
                                (no ring)
                                (no ring)

@: no status effects
A: almost no armour, stealthy swim, amphibious, 8 rings, constrict 8, camouflage
1, gelatinous body 1
a: no special abilities


You were on level 2 of the Dungeon.
You visited 1 branch of the dungeon, and saw 2 of its levels.

You collected 72 gold pieces.

Inventory:

Scrolls
 b - 3 scrolls of enchant weapon {unknown}
 c - 3 scrolls of identify
 f - a scroll of enchant armour {unknown}
 g - a scroll of fog {unknown}
 h - 2 scrolls of noise {unknown}
 i - a scroll of teleportation {unknown}
Potions
 a - a potion of flight {unknown}
 d - a potion of berserk rage {unknown}
 e - a potion of curing


   Skills:
 + Level 1.0 Fighting
 + Level 2.2 Dodging
 + Level 1.2 Stealth
 + Level 3.5 Unarmed Combat
 + Level 2.2 Spellcasting
 + Level 2.1 Transmutations


You had 5 spell levels left.
You knew the following spells:

 Your Spells              Type           Power        Failure   Level
a - Beastly Appendage     Tmut           #.....       9%          1

Your spell library contained the following spells:

 Spells                   Type           Power        Failure   Level
 Wereblood                Tmut           #.......     13%         2
 Spider Form              Tmut/Pois      #.........   36%         3
 Ice Form                 Ice/Tmut       #.......     78%         4
 Blade Hands              Tmut           #.........   93%         5


Dungeon Overview and Level Annotations

Branches:
Dungeon (2/15)

Altars:


Innate Abilities, Weirdness & Mutations

You cannot wear most types of armour.
You are very stealthy in the water. (Stealth+)
You are amphibious.
You can wear up to eight rings at the same time.
You can use your tentacles to constrict eight enemies at once.
Your skin changes colour to match your surroundings (Stealth+).
Your rubbery body absorbs attacks. (AC +1, EV +1)


Message History

* * * LOW HITPOINT WARNING * * *
As you read the scroll labeled JIQUS WESABBA, it crumbles to dust.
It is a scroll of identify.
e - 3 potions of curing The leopard gecko bites you.
* * * LOW HITPOINT WARNING * * *
The bat barely misses you.
You feel better. The bat hits you. The leopard gecko bites you.
The gnoll barely misses you.
You struggle against the net.
The bat hits you but does no damage. The leopard gecko barely misses you.
The gnoll hits you with a +0 whip. The bat hits you.
You struggle against the net.
The bat barely misses you. The leopard gecko barely misses you.
The gnoll hits you but does no damage. The leopard gecko barely misses you.
You feel better. The bat closely misses you. The gnoll hits you with a +0 whip.
The leopard gecko bites you.
* * * LOW HITPOINT WARNING * * *
You rip the net and break free!
The gnoll hits you with a +0 whip.
You die...

##....(..#.... ##..†.....#
......... #......###
......≈≈ #..#.#...##
.....≈ #....###..##
#....#####
###.##..###..###........#
........)...............#
..............##b.......#
##.........##...@.......#
#.......).##.##gl......##
.........................#
###...........##.###.###.#
####............##g#
...........8...##.###.###
......##..8$8...#g.......
.......##.8._.8...g.......
..[.... #..8.8............


You could see a gnoll, a leopard gecko and a bat.

Vanquished Creatures
  An ooze (D:1)
  A dart slug (D:2)
  A leopard gecko (D:2)
  A giant cockroach (D:1)
  2 goblins (D:2)
  4 hobgoblins
  2 kobolds
  2 bats (D:1)
  3 frilled lizards (D:1)
  4 rats (D:1)
21 creatures vanquished.

Notes
Turn   | Place    | Note
-------+----------+-------------------------------------------
     0 | D:1      | Lugonue the Octopode Transmuter began the quest for the
                  | Orb.
     0 | D:1      | Reached XP level 1. HP: 13/13 MP: 3/3
     0 | D:1      | Noticed a human
     2 | D:1      | Noticed a merfolk zombie
     2 | D:1      | Noticed a vine stalker
     5 | D:1      | Noticed a minotaur
    13 | D:1      | Noticed an elf
    15 | D:1      | Noticed a felid
    17 | D:1      | Noticed a vine stalker
    19 | D:1      | Noticed a gargoyle
   108 | D:1      | Reached XP level 2. HP: 4/18 MP: 5/5
  1168 | D:2      | Reached XP level 3. HP: 21/23 MP: 6/6
  1194 | D:2      | Reached skill level 1 in Stealth
  1202 | D:2      | Found a faded altar of an unknown god.
  1298 | D:2      | Slain by a gnoll

Illustrated notes

Levels and vault maps discovered:
D:1:      shiori_arrival_whats_in_store_for_you, layout_basic
D:2:      layout_rooms, chequers_ecumenical_altar_simple_redux,
          kennysheep_okawaru_gauntlet

Skill      XL: |  1  2  3 |
---------------+----------+-----
Stealth        | 1 |  1.2
Fighting       | |  1.0
Dodging        | |  2.2
Unarmed Combat | |  3.5
Spellcasting   | |  2.2
Transmutations | |  2.1

Action                   || total
-------------------------++-------
Melee: Unarmed           ||    53
       Constrict         ||    13
       Tentacles         ||     7
       Punch             ||     1
  Use: Potion            ||     2
       Scroll            ||     1
 Stab: Sleeping          ||     7
Armor: Skin              ||    15
Dodge: Dodged            ||    60

Table legend: (Time is in decaauts)
 A = Elapsed time spent in this place.
 B = Non-inter-level travel time spent in this place.
 C = Inter-level travel time spent in this place.
 D = Time resting spent in this place.
 E = Time spent auto-exploring this place.
 F = Levels seen in this place.
 G = Mean time per level.
                   A        B        C        D        E       F      G
               +--------+--------+--------+--------+--------+-----+--------+
         Total |   1294 |   1272 |     22 |     63 |   1038 |   2 |  647.0 |
       Dungeon |   1294 |   1272 |     22 |     63 |   1038 |   2 |  647.0 |
               +--------+--------+--------+--------+--------+-----+--------+

Top non-repeatable levels by time:
     D:1: 947 daAuts
     D:2: 347 daAuts
